[ AOE2 MATCH · #472806134 ]
UnrankedBurmese vs Magyars
[ REPLAY ANALYSIS · EXTRACTED FROM THE RECORDED GAME ]
Feudal
13:44
Castle
19:38
Imperial
—
| APM avg | 24.7 |
| APM peak | 54 |
| eAPM avg | 13.9 |
| Villagers / military | 84 / 49 |
Focus
⚔️ 28.7% · 🌾 71.3%
Battle Elephant ×36 · Scout Cavalry ×12 · Knight ×1
Feudal
14:18
Castle
17:16
Imperial
—
| APM avg | 23.2 |
| APM peak | 61 |
| eAPM avg | 13.7 |
| Villagers / military | 44 / 77 |
Focus
⚔️ 41.8% · 🌾 58.2%
Karambit Warrior ×47 · Spearman ×30
Feudal
13:19
Castle
23:19
Imperial
—
| APM avg | 32.2 |
| APM peak | 66 |
| eAPM avg | 14.8 |
| Villagers / military | 68 / 38 |
Focus
⚔️ 34.3% · 🌾 65.7%
Magyar Huszar ×28 · Scout Cavalry ×5 · Archer ×5
Feudal
16:09
Castle
20:42
Imperial
—
| APM avg | 25.8 |
| APM peak | 42 |
| eAPM avg | 16.0 |
| Villagers / military | 78 / 41 |
Focus
⚔️ 19.2% · 🌾 80.8%
Battle Elephant ×29 · Scorpion ×12
Feudal
12:43
Castle
17:37
Imperial
—
| APM avg | 29.1 |
| APM peak | 45 |
| eAPM avg | 15.5 |
| Villagers / military | 109 / 28 |
Focus
⚔️ 25.3% · 🌾 74.7%
Knight ×12 · Battering Ram ×10 · Scout Cavalry ×2 · Mangonel ×2 · Monk ×2
Feudal
17:35
Castle
22:49
Imperial
—
| APM avg | 30.8 |
| APM peak | 72 |
| eAPM avg | 17.3 |
| Villagers / military | 48 / 2 |
Focus
⚔️ 34.3% · 🌾 65.7%
Monk ×1 · Janissary ×1
Feudal
13:53
Castle
19:24
Imperial
—
| APM avg | 31.4 |
| APM peak | 53 |
| eAPM avg | 18.5 |
| Villagers / military | 83 / 35 |
Focus
⚔️ 25.2% · 🌾 74.8%
Hussite Wagon ×26 · Spearman ×5 · Mangonel ×4
Feudal
15:21
Castle
22:46
Imperial
—
| APM avg | 37.2 |
| APM peak | 124 |
| eAPM avg | 20.9 |
| Villagers / military | 43 / 0 |
Focus
⚔️ 6.8% · 🌾 93.2%
Match map
Initial resources + every placement click. Lines = walls · curves = elevation contours. ◆ gold · ⬟ stone · ● berries · ✦ relic · ◌ wall gap
Your base· Open — unwalled flank
YuhArtyKnow's base· Open — unwalled flank
ScORpIoN's base· Open — 14t gap
Kung Fury's base· Open — unwalled flank
p-dawgg's base· Open — 13t gap
psychilli's base· Open — 6t gap
Hakka1_90's base· Open — unwalled flank
Pantera Zalayeta's base· Open — unwalled flank
Smoothed initial terrain · ◌ = detected wall gap · hover for details
Inputs per minute
— M L F 6 - - YuhArtyKnow
Build order — M L F 6
First 150 of 227 actions detected
| 0:16 | Build | Town Center |
| 2:32 | Create | Villager (Male) |
| 2:32 | Create | Villager (Male) |
| 2:32 | Create | Villager (Male) |
| 2:33 | Create | Villager (Male) |
| 2:33 | Create | Villager (Male) |
| 2:39 | Build | House |
| 3:07 | Research | Loom |
| 3:10 | Create | Villager (Male) |
| 3:10 | Create | Villager (Male) |
| 4:02 | Create | Villager (Male) |
| 4:57 | Create | Villager (Male) |
| 5:33 | Create | Villager (Male) |
| 5:52 | Build | House |
| 5:58 | Create | Villager (Male) |
| 5:58 | Create | Villager (Male) |
| 6:41 | Create | Villager (Male) |
| 6:58 | Create | Villager (Male) |
| 7:39 | Build | House |
| 7:57 | Create | Villager (Male) |
| 7:57 | Create | Villager (Male) |
| 7:57 | Create | Villager (Male) |
| 8:27 | Create | Villager (Male) |
| 8:35 | Create | Villager (Male) |
| 8:35 | Create | Villager (Male) |
| 10:11 | Build | Mill |
| 10:26 | Create | Villager (Male) |
| 10:40 | Build | House |
| 10:54 | Build | Mining Camp |
| 11:34 | Research | Feudal Age |
| 11:54 | Build | Lumber Camp |
| 12:07 | Create | Villager (Male) |
| 12:25 | Build | Mill |
| 12:56 | Build | Farm |
| 12:59 | Build | Farm |
| 13:44 | Age | Feudal Age |
| 13:48 | Build | Market |
| 14:00 | Build | Blacksmith |
| 14:05 | Create | Villager (Male) |
| 14:23 | Build | Farm |
| 14:26 | Build | Farm |
| 14:36 | Create | Villager (Male) |
| 14:36 | Create | Villager (Male) |
| 14:58 | Build | Farm |
| 15:16 | Build | House |
| 15:22 | Build | Farm |
| 15:32 | Create | Villager (Male) |
| 15:49 | Build | Farm |
| 15:52 | Build | Farm |
| 15:55 | Build | Farm |
| 16:02 | Build | Farm |
| 16:04 | Create | Villager (Male) |
| 16:19 | Build | Mill |
| 16:33 | Create | Villager (Male) |
| 16:57 | Research | Castle Age |
| 16:58 | Research | Castle Age |
| 17:13 | Research | Horse Collar |
| 18:02 | Build | Mill |
| 18:12 | Build | House |
| 18:15 | Create | Villager (Male) |
| 18:15 | Create | Villager (Male) |
| 18:41 | Build | Barracks |
| 19:26 | Create | Villager (Male) |
| 19:38 | Age | Castle Age |
| 19:40 | Build | Stable |
| 19:48 | Create | Villager (Male) |
| 20:23 | Build | Town Center |
| 20:31 | Build | House |
| 20:35 | Create | Scout Cavalry |
| 20:36 | Create | Scout Cavalry |
| 20:36 | Create | Scout Cavalry |
| 20:58 | Create | Villager (Male) |
| 21:05 | Build | House |
| 21:19 | Create | Villager (Male) |
| 21:33 | Build | Town Center |
| 21:36 | Build | House |
| 21:39 | Create | Scout Cavalry |
| 22:00 | Build | Mining Camp |
| 22:03 | Create | Villager (Male) |
| 22:11 | Create | Scout Cavalry |
| 22:30 | Build | Farm |
| 22:32 | Build | Farm |
| 22:34 | Build | Farm |
| 22:38 | Build | Farm |
| 22:41 | Create | Villager (Male) |
| 22:42 | Create | Villager (Male) ×5 |
| 22:42 | Create | Villager (Male) ×5 |
| 22:42 | Create | Villager (Male) ×2 |
| 22:52 | Build | Farm |
| 23:27 | Research | Light Cavalry (upgrade) |
| 23:28 | Research | Light Cavalry (upgrade) |
| 23:31 | Research | Scale Barding Armor |
| 23:53 | Create | Villager (Male) |
| 23:53 | Create | Villager (Male) |
| 23:59 | Build | Farm |
| 24:00 | Build | Farm |
| 24:05 | Create | Villager (Male) |
| 24:09 | Build | Farm |
| 24:10 | Build | Farm |
| 24:12 | Build | Farm |
| 24:39 | Create | Scout Cavalry |
| 24:39 | Create | Villager (Male) |
| 24:40 | Build | Farm |
| 24:42 | Build | Farm |
| 24:45 | Build | Farm |
| 24:47 | Build | Farm |
| 25:36 | Create | Villager (Male) |
| 25:36 | Create | Villager (Male) |
| 25:37 | Create | Villager (Male) |
| 25:37 | Create | Villager (Male) |
| 25:37 | Create | Villager (Male) |
| 25:37 | Create | Villager (Male) |
| 25:41 | Build | Farm |
| 26:03 | Create | Scout Cavalry |
| 26:03 | Create | Villager (Male) |
| 26:05 | Build | House |
| 26:06 | Build | House |
| 26:08 | Build | House |
| 26:17 | Build | House |
| 26:18 | Build | House |
| 26:20 | Research | Chain Barding Armor |
| 26:20 | Research | Chain Barding Armor |
| 26:24 | Research | Bloodlines |
| 26:24 | Research | Bloodlines |
| 26:41 | Build | Farm |
| 26:42 | Build | Farm |
| 26:47 | Research | Heavy Plow |
| 27:05 | Build | Farm |
| 27:07 | Build | House |
| 27:16 | Create | Villager (Male) |
| 27:16 | Create | Villager (Male) |
| 27:16 | Create | Villager (Male) |
| 27:16 | Create | Villager (Male) |
| 27:17 | Create | Villager (Male) |
| 27:33 | Create | Villager (Male) |
| 27:33 | Create | Villager (Male) ×2 |
| 27:40 | Build | Lumber Camp |
| 28:06 | Research | Gold Mining |
| 28:06 | Research | Gold Mining |
| 28:28 | Build | Farm |
| 28:33 | Build | Stable |
| 28:35 | Research | Husbandry |
| 28:38 | Research | Forging |
| 28:42 | Research | Wheelbarrow |
| 28:44 | Create | Villager (Male) |
| 28:46 | Build | Farm |
| 28:51 | Build | Farm |
| 28:57 | Build | Farm |
| 28:59 | Build | Farm |
| 29:00 | Build | Farm |
Build order — YuhArtyKnow
First 150 of 182 actions detected
| 0:20 | Build | Town Center |
| 2:20 | Research | Loom |
| 2:20 | Create | Villager (Male) |
| 2:21 | Create | Villager (Male) |
| 2:21 | Create | Villager (Male) |
| 2:21 | Create | Villager (Male) |
| 2:24 | Build | House |
| 2:25 | Build | House |
| 4:46 | Create | Villager (Male) |
| 5:07 | Create | Villager (Male) |
| 5:07 | Create | Villager (Male) |
| 5:36 | Create | Villager (Male) |
| 5:36 | Create | Villager (Male) |
| 5:45 | Build | House |
| 6:16 | Create | Villager (Male) |
| 6:16 | Create | Villager (Male) |
| 6:16 | Create | Villager (Male) |
| 6:41 | Build | House |
| 6:50 | Create | Villager (Male) |
| 6:50 | Create | Villager (Male) |
| 6:56 | Build | Mill |
| 7:41 | Build | House |
| 8:03 | Create | Villager (Male) |
| 8:31 | Build | Palisade Gate |
| 8:56 | Build | House |
| 9:43 | Build | Mill |
| 9:47 | Create | Villager (Male) |
| 9:47 | Create | Villager (Male) |
| 10:25 | Build | House |
| 10:36 | Create | Villager (Male) |
| 10:44 | Build | House |
| 10:47 | Build | House |
| 10:58 | Create | Villager (Male) |
| 11:17 | Create | Villager (Male) |
| 12:12 | Build | Mining Camp |
| 12:15 | Create | Villager (Male) |
| 13:00 | Research | Feudal Age |
| 13:01 | Research | Feudal Age |
| 13:52 | Create | Villager (Male) |
| 13:52 | Create | Villager (Male) |
| 14:18 | Age | Feudal Age |
| 14:21 | Build | Market |
| 14:23 | Build | Blacksmith |
| 14:25 | Build | House |
| 14:35 | Research | Town Watch |
| 15:40 | Research | Castle Age |
| 15:45 | Build | Lumber Camp |
| 16:05 | Build | Mining Camp |
| 16:26 | Build | Mining Camp |
| 16:54 | Research | Double-Bit Axe |
| 17:16 | Age | Castle Age |
| 17:26 | Build | Farm |
| 17:27 | Build | Farm |
| 17:37 | Research | Horse Collar |
| 17:47 | Build | Farm |
| 17:57 | Build | Farm |
| 18:07 | Build | Farm |
| 18:08 | Create | Villager (Male) |
| 18:33 | Build | Farm |
| 18:43 | Create | Villager (Male) |
| 18:58 | Build | Farm |
| 19:03 | Create | Villager (Male) |
| 19:16 | Build | Farm |
| 19:29 | Build | Farm |
| 19:31 | Create | Villager (Male) |
| 19:46 | Build | House |
| 19:56 | Create | Villager (Male) |
| 19:56 | Create | Villager (Male) |
| 20:17 | Build | Castle |
| 20:23 | Create | Villager (Male) |
| 20:32 | Create | Villager (Male) |
| 20:48 | Build | Mining Camp |
| 20:57 | Create | Villager (Male) |
| 21:34 | Create | Karambit Warrior |
| 21:34 | Create | Karambit Warrior |
| 21:48 | Create | Villager (Male) |
| 21:52 | Build | Farm |
| 21:55 | Build | Farm |
| 21:58 | Build | Farm |
| 22:06 | Create | Karambit Warrior |
| 22:07 | Create | Karambit Warrior |
| 22:18 | Build | Farm |
| 22:22 | Create | Karambit Warrior |
| 22:22 | Create | Karambit Warrior |
| 22:28 | Create | Karambit Warrior |
| 22:28 | Create | Karambit Warrior |
| 22:37 | Create | Karambit Warrior |
| 22:50 | Build | Farm |
| 22:52 | Create | Karambit Warrior |
| 22:52 | Create | Karambit Warrior |
| 22:58 | Create | Karambit Warrior |
| 22:58 | Create | Karambit Warrior |
| 22:59 | Create | Karambit Warrior |
| 23:00 | Create | Karambit Warrior |
| 23:08 | Create | Karambit Warrior |
| 23:15 | Build | Barracks |
| 23:25 | Create | Karambit Warrior |
| 23:27 | Create | Karambit Warrior |
| 23:28 | Create | Karambit Warrior |
| 23:39 | Create | Karambit Warrior |
| 23:52 | Build | Mining Camp |
| 23:53 | Create | Villager (Male) |
| 24:09 | Create | Karambit Warrior |
| 24:10 | Create | Karambit Warrior |
| 24:10 | Create | Karambit Warrior |
| 24:34 | Research | Arson |
| 24:40 | Research | Squires |
| 24:41 | Create | Villager (Male) |
| 24:41 | Create | Villager (Male) |
| 24:52 | Create | Spearman |
| 24:52 | Create | Spearman |
| 24:53 | Create | Spearman |
| 24:53 | Create | Spearman |
| 25:40 | Create | Spearman |
| 26:01 | Create | Spearman |
| 26:50 | Create | Spearman |
| 26:50 | Create | Spearman |
| 26:51 | Create | Spearman |
| 26:51 | Create | Spearman |
| 27:13 | Build | Mining Camp |
| 27:44 | Build | Market |
| 28:24 | Research | Pikeman (upgrade) |
| 28:27 | Build | Barracks |
| 28:52 | Create | Spearman |
| 28:52 | Create | Spearman |
| 28:53 | Create | Spearman |
| 28:53 | Create | Spearman |
| 28:56 | Create | Karambit Warrior |
| 28:57 | Create | Karambit Warrior |
| 28:57 | Create | Karambit Warrior |
| 29:16 | Create | Villager (Male) |
| 29:27 | Create | Karambit Warrior |
| 29:28 | Create | Karambit Warrior |
| 29:37 | Create | Spearman |
| 29:37 | Create | Spearman |
| 29:38 | Create | Spearman |
| 29:38 | Create | Spearman |
| 29:41 | Create | Villager (Male) |
| 29:46 | Build | Farm |
| 29:51 | Create | Karambit Warrior |
| 29:52 | Create | Karambit Warrior |
| 30:25 | Build | House |
| 30:25 | Build | House |
| 30:26 | Build | House |
| 30:28 | Create | Villager (Male) |
| 30:38 | Research | Bow Saw |
| 30:48 | Create | Spearman |
| 30:49 | Create | Spearman |
| 30:58 | Create | Spearman |
| 30:58 | Create | Spearman |
Build order — ScORpIoN
First 150 of 191 actions detected
| 0:09 | Build | Town Center |
| 1:59 | Build | House |
| 2:28 | Create | Villager (Male) |
| 2:28 | Create | Villager (Male) |
| 2:29 | Create | Villager (Male) |
| 2:29 | Create | Villager (Male) |
| 3:20 | Build | House |
| 4:04 | Create | Villager (Male) |
| 4:25 | Create | Villager (Male) |
| 4:46 | Build | House |
| 4:50 | Build | House |
| 4:55 | Create | Villager (Male) |
| 4:58 | Create | Villager (Male) |
| 5:06 | Build | Lumber Camp |
| 5:43 | Create | Villager (Male) |
| 5:44 | Create | Villager (Male) |
| 6:08 | Build | House |
| 6:09 | Create | Villager (Male) |
| 6:34 | Build | House |
| 6:56 | Build | Palisade Gate |
| 7:00 | Create | Villager (Male) |
| 7:09 | Build | Palisade Wall |
| 7:16 | Create | Villager (Male) |
| 7:16 | Create | Villager (Male) |
| 7:16 | Create | Villager (Male) |
| 7:23 | Create | Villager (Male) |
| 7:23 | Create | Villager (Male) |
| 8:30 | Build | Palisade Gate |
| 8:33 | Build | Palisade Wall |
| 8:46 | Build | Mill |
| 8:56 | Create | Villager (Male) |
| 9:01 | Build | House |
| 9:11 | Create | Villager (Male) |
| 9:11 | Create | Villager (Male) |
| 9:11 | Create | Villager (Male) |
| 9:29 | Build | Palisade Wall |
| 9:41 | Create | Villager (Male) |
| 9:58 | Research | Loom |
| 11:09 | Research | Feudal Age |
| 11:16 | Create | Villager (Male) |
| 11:16 | Create | Villager (Male) |
| 11:33 | Build | Barracks |
| 12:44 | Build | House |
| 13:10 | Build | House |
| 13:19 | Age | Feudal Age |
| 13:21 | Build | Stable |
| 13:56 | Create | Villager (Male) |
| 14:00 | Research | Horse Collar |
| 14:03 | Research | Double-Bit Axe |
| 14:19 | Create | Villager (Male) |
| 14:19 | Create | Villager (Male) |
| 14:19 | Create | Scout Cavalry |
| 14:20 | Create | Scout Cavalry |
| 14:35 | Build | Farm |
| 14:38 | Build | Farm |
| 14:39 | Build | Farm |
| 14:42 | Build | Farm |
| 14:46 | Build | Farm |
| 14:52 | Build | Farm |
| 15:04 | Create | Scout Cavalry |
| 16:10 | Create | Scout Cavalry |
| 16:11 | Create | Villager (Male) |
| 16:13 | Build | Farm |
| 16:16 | Build | Mining Camp |
| 16:22 | Build | Farm |
| 16:23 | Build | Farm |
| 16:28 | Build | Farm |
| 16:34 | Create | Villager (Male) |
| 16:35 | Create | Villager (Male) |
| 16:35 | Create | Villager (Male) |
| 16:36 | Create | Villager (Male) |
| 17:06 | Create | Villager (Male) |
| 17:16 | Build | House |
| 17:18 | Build | House |
| 17:39 | Build | Archery Range |
| 17:47 | Build | Watch Tower |
| 18:16 | Create | Villager (Male) |
| 18:19 | Build | Blacksmith |
| 18:36 | Build | Watch Tower |
| 18:43 | Create | Villager (Male) |
| 18:45 | Create | Archer |
| 18:45 | Create | Archer |
| 19:19 | Create | Villager (Male) |
| 19:19 | Create | Villager (Male) |
| 19:21 | Create | Archer |
| 19:28 | Create | Scout Cavalry |
| 19:36 | Build | Farm |
| 19:37 | Build | Farm |
| 19:38 | Build | Farm |
| 19:46 | Build | Palisade Wall |
| 19:58 | Create | Archer |
| 19:58 | Create | Archer |
| 20:39 | Research | Castle Age |
| 20:57 | Build | House |
| 21:44 | Build | Lumber Camp |
| 22:51 | Create | Villager (Male) |
| 22:51 | Create | Villager (Male) |
| 22:52 | Create | Villager (Male) |
| 23:19 | Age | Castle Age |
| 23:44 | Build | Castle |
| 24:29 | Create | Magyar Huszar |
| 24:29 | Create | Magyar Huszar |
| 24:32 | Build | Mining Camp |
| 24:40 | Create | Villager (Male) |
| 24:40 | Create | Villager (Male) |
| 24:41 | Create | Villager (Male) |
| 24:48 | Build | House |
| 24:49 | Build | House |
| 24:54 | Create | Magyar Huszar |
| 24:54 | Create | Magyar Huszar |
| 24:58 | Research | Scale Barding Armor |
| 24:58 | Research | Scale Barding Armor |
| 24:59 | Create | Villager (Male) |
| 24:59 | Create | Magyar Huszar |
| 25:21 | Build | Town Center |
| 26:16 | Create | Villager (Male) |
| 26:17 | Create | Magyar Huszar |
| 26:41 | Create | Magyar Huszar |
| 26:46 | Build | Farm |
| 26:52 | Build | Farm |
| 27:01 | Build | Farm |
| 27:08 | Create | Magyar Huszar |
| 27:21 | Build | Farm |
| 27:22 | Build | Farm |
| 27:23 | Build | Farm |
| 27:25 | Build | Farm |
| 27:26 | Build | Farm |
| 27:27 | Build | Farm |
| 27:31 | Build | Farm |
| 27:32 | Build | Farm |
| 27:33 | Build | Farm |
| 27:35 | Create | Magyar Huszar |
| 27:44 | Create | Villager (Male) |
| 27:44 | Create | Magyar Huszar |
| 27:57 | Build | Farm |
| 27:58 | Build | Farm |
| 28:08 | Create | Villager (Male) |
| 28:08 | Create | Magyar Huszar |
| 28:13 | Create | Magyar Huszar |
| 28:26 | Create | Magyar Huszar |
| 28:36 | Create | Villager (Male) |
| 28:36 | Create | Magyar Huszar |
| 29:06 | Create | Villager (Male) |
| 29:06 | Create | Magyar Huszar |
| 29:11 | Create | Villager (Male) |
| 29:12 | Create | Villager (Male) |
| 29:12 | Create | Magyar Huszar |
| 29:34 | Create | Villager (Male) |
| 29:34 | Create | Magyar Huszar |
| 29:35 | Create | Villager (Male) |
Build order — Kung Fury
First 150 of 217 actions detected
| 0:45 | Build | Town Center |
| 2:49 | Build | House |
| 3:23 | Create | Villager (Male) |
| 3:23 | Create | Villager (Male) |
| 3:23 | Create | Villager (Male) |
| 3:23 | Create | Villager (Male) |
| 3:24 | Create | Villager (Male) |
| 4:07 | Build | Palisade Wall |
| 4:13 | Build | Palisade Wall |
| 4:16 | Build | Palisade Wall |
| 4:26 | Build | Palisade Wall |
| 4:29 | Build | Palisade Wall |
| 4:34 | Build | Palisade Wall |
| 5:01 | Create | Villager (Male) |
| 5:38 | Create | Villager (Male) |
| 6:13 | Create | Villager (Male) |
| 6:29 | Research | Loom |
| 6:33 | Build | House |
| 6:41 | Create | Villager (Male) |
| 7:03 | Create | Villager (Male) |
| 7:04 | Create | Villager (Male) |
| 7:39 | Create | Villager (Male) |
| 8:09 | Create | Villager (Male) |
| 8:09 | Create | Villager (Male) |
| 8:10 | Create | Villager (Male) |
| 8:47 | Create | Villager (Male) |
| 9:00 | Build | House |
| 9:15 | Create | Villager (Male) |
| 9:25 | Create | Villager (Male) |
| 9:27 | Build | Mill |
| 9:35 | Create | Villager (Male) |
| 10:13 | Create | Villager (Male) |
| 10:48 | Create | Villager (Male) |
| 11:02 | Build | Palisade Wall |
| 11:21 | Build | Palisade Wall |
| 11:27 | Build | Palisade Wall |
| 11:30 | Build | Palisade Wall |
| 11:35 | Build | House |
| 11:45 | Create | Villager (Male) |
| 12:10 | Create | Villager (Male) |
| 12:10 | Create | Villager (Male) |
| 13:33 | Build | Mining Camp |
| 13:59 | Research | Feudal Age |
| 14:10 | Build | Palisade Wall |
| 14:15 | Build | Palisade Wall |
| 14:21 | Build | Palisade Wall |
| 14:27 | Create | Villager (Male) |
| 14:28 | Create | Villager (Male) |
| 15:56 | Build | House |
| 16:09 | Age | Feudal Age |
| 16:16 | Build | Blacksmith |
| 16:17 | Build | Market |
| 16:27 | Create | Villager (Male) |
| 17:01 | Build | Farm |
| 17:01 | Build | Farm |
| 17:01 | Build | Farm |
| 17:02 | Build | Farm |
| 17:04 | Build | Farm |
| 17:04 | Build | Farm |
| 17:23 | Build | House |
| 17:27 | Build | Mill |
| 17:37 | Create | Villager (Male) |
| 17:42 | Build | Lumber Camp |
| 17:46 | Build | Lumber Camp |
| 18:02 | Research | Castle Age |
| 18:08 | Build | House |
| 18:52 | Build | Palisade Gate |
| 19:02 | Create | Villager (Male) |
| 19:02 | Create | Villager (Male) |
| 19:05 | Build | House |
| 19:06 | Build | House |
| 19:07 | Build | House |
| 19:15 | Build | Barracks |
| 19:59 | Research | Double-Bit Axe |
| 20:41 | Build | Stable |
| 20:42 | Age | Castle Age |
| 20:43 | Build | Stable |
| 20:52 | Create | Villager (Male) |
| 20:53 | Create | Villager (Male) |
| 20:55 | Build | Farm |
| 20:55 | Build | Farm |
| 20:56 | Build | Farm |
| 20:56 | Build | Farm |
| 21:05 | Create | Villager (Male) |
| 21:06 | Create | Villager (Male) |
| 21:24 | Build | Town Center |
| 21:34 | Create | Villager (Male) |
| 21:46 | Build | House |
| 21:51 | Create | Villager (Male) |
| 21:57 | Create | Battle Elephant |
| 21:57 | Create | Battle Elephant |
| 22:13 | Create | Villager (Male) |
| 22:13 | Create | Villager (Male) |
| 22:16 | Build | Stable |
| 22:19 | Build | Stable |
| 22:32 | Build | Farm |
| 22:34 | Create | Villager (Male) |
| 22:46 | Build | Stable |
| 22:49 | Create | Villager (Male) |
| 22:49 | Create | Villager (Male) |
| 22:49 | Create | Villager (Male) |
| 22:50 | Create | Villager (Male) |
| 23:01 | Create | Battle Elephant |
| 23:01 | Create | Battle Elephant |
| 23:06 | Build | Farm |
| 23:09 | Create | Villager (Male) |
| 23:29 | Create | Battle Elephant |
| 23:29 | Create | Battle Elephant |
| 23:33 | Build | Farm |
| 23:47 | Build | House |
| 23:47 | Build | House |
| 23:48 | Build | House |
| 23:54 | Create | Battle Elephant |
| 23:54 | Create | Battle Elephant |
| 23:57 | Build | Farm |
| 24:25 | Create | Battle Elephant |
| 24:25 | Create | Battle Elephant |
| 24:45 | Create | Battle Elephant |
| 25:27 | Create | Battle Elephant |
| 25:27 | Create | Battle Elephant |
| 25:27 | Create | Battle Elephant |
| 25:52 | Build | House |
| 26:08 | Create | Villager (Male) |
| 26:18 | Build | Farm |
| 26:51 | Create | Villager (Male) |
| 26:55 | Build | Farm |
| 26:58 | Build | Farm |
| 27:18 | Create | Villager (Male) |
| 27:26 | Create | Villager (Male) |
| 27:38 | Build | Farm |
| 27:38 | Build | Farm |
| 27:39 | Build | Farm |
| 27:39 | Build | Farm |
| 27:39 | Build | Farm |
| 27:39 | Build | Farm |
| 27:39 | Build | Farm |
| 27:39 | Build | Farm |
| 27:40 | Build | Farm |
| 27:40 | Build | Farm |
| 27:55 | Create | Villager (Male) |
| 27:55 | Create | Villager (Male) |
| 27:56 | Create | Villager (Male) |
| 27:56 | Create | Villager (Male) |
| 28:48 | Build | Farm |
| 28:51 | Create | Villager (Male) |
| 28:52 | Create | Villager (Male) |
| 28:52 | Create | Villager (Male) |
| 28:56 | Create | Villager (Male) |
| 28:56 | Create | Villager (Male) |
| 28:56 | Create | Villager (Male) |
Build order — p-dawgg
First 150 of 201 actions detected
| 0:11 | Build | Town Center |
| 2:12 | Create | Villager (Male) |
| 2:13 | Create | Villager (Male) |
| 2:16 | Create | Villager (Male) |
| 2:18 | Create | Villager (Male) |
| 3:10 | Research | Loom |
| 3:49 | Create | Villager (Male) |
| 4:29 | Create | Villager (Male) |
| 4:42 | Create | Villager (Male) |
| 5:18 | Create | Villager (Male) |
| 5:44 | Create | Villager (Male) |
| 6:11 | Create | Villager (Male) |
| 6:32 | Create | Villager (Male) |
| 7:04 | Create | Villager (Male) |
| 7:16 | Create | Villager (Male) |
| 7:32 | Build | Mill |
| 7:48 | Create | Villager (Male) |
| 8:04 | Create | Villager (Male) |
| 8:07 | Build | Mining Camp |
| 8:21 | Create | Villager (Male) |
| 8:35 | Create | Villager (Male) |
| 9:06 | Create | Villager (Male) |
| 9:17 | Create | Villager (Male) |
| 9:52 | Create | Villager (Male) |
| 10:22 | Research | Feudal Age |
| 11:53 | Build | Barracks |
| 11:54 | Create | Villager (Male) |
| 12:07 | Build | Barracks |
| 12:08 | Create | Villager (Male) |
| 12:39 | Create | Villager (Male) |
| 12:43 | Age | Feudal Age |
| 12:54 | Create | Villager (Male) |
| 13:02 | Build | Stable |
| 14:02 | Build | Market |
| 14:22 | Create | Villager (Male) |
| 14:57 | Research | Castle Age |
| 15:03 | Create | Scout Cavalry |
| 15:31 | Create | Villager (Male) |
| 15:41 | Build | Blacksmith |
| 15:45 | Build | Palisade Wall |
| 15:47 | Create | Villager (Male) |
| 15:55 | Create | Villager (Male) |
| 16:03 | Build | Lumber Camp |
| 16:38 | Research | Horse Collar |
| 16:43 | Build | Farm |
| 16:45 | Build | Farm |
| 16:54 | Create | Scout Cavalry |
| 17:05 | Research | Double-Bit Axe |
| 17:32 | Build | Farm |
| 17:34 | Build | Farm |
| 17:35 | Build | Farm |
| 17:37 | Age | Castle Age |
| 17:39 | Build | Farm |
| 17:40 | Create | Knight |
| 17:47 | Build | Farm |
| 17:53 | Build | Farm |
| 17:54 | Create | Villager (Male) |
| 17:57 | Create | Knight |
| 18:13 | Build | Siege Workshop |
| 18:28 | Create | Villager (Male) |
| 18:30 | Build | Farm |
| 18:58 | Create | Battering Ram |
| 18:59 | Create | Villager (Male) |
| 19:04 | Create | Mangonel |
| 19:14 | Build | Farm |
| 19:17 | Build | Farm |
| 19:32 | Create | Villager (Male) |
| 19:40 | Create | Villager (Male) |
| 19:43 | Build | Farm |
| 19:56 | Create | Villager (Male) |
| 20:00 | Build | Farm |
| 20:03 | Build | Farm |
| 20:16 | Create | Villager (Male) |
| 20:18 | Create | Knight |
| 20:33 | Create | Villager (Male) |
| 20:34 | Build | Farm |
| 20:37 | Build | Farm |
| 21:04 | Create | Villager (Male) |
| 21:07 | Build | Farm |
| 21:10 | Create | Mangonel |
| 21:18 | Create | Villager (Male) |
| 21:20 | Build | Farm |
| 21:38 | Create | Villager (Male) |
| 21:56 | Create | Villager (Male) |
| 21:57 | Create | Knight |
| 22:09 | Research | Fletching |
| 22:11 | Create | Knight |
| 22:26 | Create | Knight |
| 22:39 | Create | Villager (Male) |
| 22:44 | Build | Town Center |
| 23:02 | Create | Villager (Male) |
| 23:49 | Create | Villager (Male) |
| 23:50 | Create | Knight |
| 23:53 | Create | Villager (Male) |
| 23:56 | Create | Knight |
| 23:58 | Create | Battering Ram |
| 24:10 | Create | Villager (Male) |
| 24:15 | Research | Scale Barding Armor |
| 24:16 | Create | Knight |
| 24:29 | Create | Villager (Male) |
| 24:30 | Build | Farm |
| 24:31 | Build | Farm |
| 24:31 | Build | Farm |
| 24:31 | Build | Farm |
| 24:36 | Create | Villager (Male) |
| 24:36 | Create | Villager (Male) |
| 24:49 | Create | Villager (Male) |
| 25:02 | Build | Farm |
| 25:04 | Create | Villager (Male) |
| 25:14 | Create | Villager (Male) |
| 25:18 | Create | Villager (Male) |
| 25:28 | Create | Villager (Male) |
| 25:35 | Create | Villager (Male) |
| 25:41 | Create | Battering Ram |
| 25:42 | Create | Villager (Male) |
| 25:52 | Create | Knight |
| 26:00 | Create | Villager (Male) |
| 26:09 | Create | Villager (Male) |
| 26:12 | Build | Farm |
| 26:16 | Create | Villager (Male) |
| 26:22 | Create | Villager (Male) |
| 26:40 | Create | Villager (Male) |
| 26:46 | Build | Town Center |
| 26:48 | Create | Villager (Male) |
| 26:52 | Create | Villager (Male) |
| 26:57 | Create | Villager (Male) |
| 27:10 | Build | Mining Camp |
| 27:15 | Create | Villager (Male) |
| 27:18 | Create | Villager (Male) |
| 27:22 | Build | Lumber Camp |
| 27:28 | Create | Villager (Male) |
| 27:31 | Create | Villager (Male) |
| 27:50 | Create | Villager (Male) |
| 27:59 | Create | Villager (Male) |
| 28:04 | Create | Villager (Male) |
| 28:09 | Build | Monastery |
| 28:38 | Create | Villager (Male) |
| 28:38 | Create | Villager (Male) |
| 28:49 | Create | Villager (Male) |
| 28:49 | Create | Villager (Male) |
| 28:55 | Create | Villager (Male) |
| 28:55 | Create | Villager (Male) |
| 28:58 | Create | Battering Ram |
| 29:11 | Create | Villager (Male) |
| 29:15 | Create | Villager (Male) |
| 29:20 | Build | Mining Camp |
| 29:24 | Create | Villager (Male) |
| 29:25 | Create | Villager (Male) |
| 29:39 | Build | Mining Camp |
| 29:49 | Create | Battering Ram |
Build order — psychilli
134 actions detected in the replay
| 0:08 | Build | House |
| 0:09 | Build | House |
| 0:18 | Build | Town Center |
| 1:39 | Build | Lumber Camp |
| 2:29 | Create | Villager (Male) |
| 2:30 | Create | Villager (Male) |
| 2:30 | Create | Villager (Male) |
| 2:30 | Create | Villager (Male) |
| 3:55 | Build | House |
| 4:08 | Create | Villager (Male) |
| 4:19 | Create | Villager (Male) |
| 4:19 | Create | Villager (Male) |
| 5:03 | Research | Loom |
| 5:03 | Research | Loom |
| 5:29 | Create | Villager (Male) |
| 5:29 | Create | Villager (Male) |
| 5:29 | Create | Villager (Male) |
| 5:29 | Create | Villager (Male) |
| 5:46 | Build | House |
| 5:52 | Create | Villager (Male) |
| 6:12 | Create | Villager (Male) |
| 6:20 | Build | Mill |
| 7:25 | Create | Villager (Male) |
| 8:05 | Build | House |
| 8:10 | Build | House |
| 8:23 | Build | House |
| 9:06 | Build | House |
| 9:18 | Create | Villager (Male) |
| 9:18 | Create | Villager (Male) |
| 9:28 | Build | House |
| 9:38 | Create | Villager (Male) |
| 9:39 | Create | Villager (Male) |
| 10:17 | Create | Villager (Male) |
| 10:19 | Create | Villager (Male) |
| 11:04 | Build | Mill |
| 11:29 | Build | House |
| 11:51 | Build | Mining Camp |
| 12:02 | Create | Villager (Male) |
| 12:36 | Build | Palisade Wall |
| 12:38 | Build | Palisade Wall |
| 12:43 | Create | Villager (Male) |
| 12:56 | Build | House |
| 13:00 | Create | Villager (Male) |
| 13:07 | Build | House |
| 13:08 | Build | House |
| 13:10 | Build | House |
| 13:36 | Create | Villager (Male) |
| 13:42 | Build | Farm |
| 13:43 | Build | Farm |
| 13:47 | Build | Farm |
| 13:51 | Create | Villager (Male) |
| 13:54 | Build | Farm |
| 13:57 | Build | Farm |
| 13:59 | Build | Farm |
| 14:22 | Build | Palisade Wall |
| 14:44 | Build | Farm |
| 14:46 | Build | Farm |
| 15:25 | Research | Feudal Age |
| 15:42 | Build | Farm |
| 15:46 | Build | Farm |
| 15:52 | Build | Palisade Wall |
| 15:52 | Build | Palisade Wall |
| 15:57 | Build | Palisade Wall |
| 16:32 | Build | Farm |
| 16:42 | Build | House |
| 16:50 | Create | Villager (Male) |
| 17:35 | Age | Feudal Age |
| 17:37 | Build | House |
| 17:57 | Create | Villager (Male) |
| 18:05 | Build | Market |
| 18:08 | Create | Villager (Male) |
| 18:14 | Create | Villager (Male) |
| 19:12 | Build | Blacksmith |
| 19:19 | Create | Villager (Male) |
| 19:27 | Create | Villager (Male) |
| 19:48 | Build | Palisade Wall |
| 19:49 | Build | Palisade Wall |
| 19:57 | Create | Villager (Male) |
| 20:02 | Research | Castle Age |
| 20:14 | Build | House |
| 20:20 | Build | Mining Camp |
| 21:14 | Research | Padded Archer Armor |
| 21:23 | Build | Farm |
| 21:26 | Build | Farm |
| 21:29 | Research | Double-Bit Axe |
| 21:30 | Research | Horse Collar |
| 21:46 | Build | Palisade Wall |
| 21:47 | Build | Palisade Wall |
| 22:14 | Create | Villager (Male) |
| 22:49 | Age | Castle Age |
| 22:51 | Build | Monastery |
| 22:53 | Create | Villager (Male) |
| 23:03 | Research | Leather Archer Armor |
| 23:08 | Research | Fletching |
| 23:11 | Create | Villager (Male) |
| 23:28 | Build | Farm |
| 23:39 | Create | Monk |
| 23:57 | Build | Palisade Wall |
| 24:25 | Build | Palisade Wall |
| 24:29 | Build | Farm |
| 24:31 | Create | Villager (Male) |
| 24:31 | Create | Villager (Male) |
| 25:21 | Build | Castle |
| 27:10 | Research | Wheelbarrow |
| 27:19 | Build | Farm |
| 27:23 | Build | Farm |
| 27:30 | Create | Villager (Male) |
| 27:30 | Create | Villager (Male) |
| 28:18 | Research | Bow Saw |
| 28:21 | Build | House |
| 28:26 | Create | Villager (Male) |
| 28:40 | Build | Farm |
| 28:43 | Build | Farm |
| 28:46 | Build | Farm |
| 29:05 | Build | Blacksmith |
| 29:28 | Create | Villager (Male) |
| 29:29 | Create | Villager (Male) |
| 29:37 | Build | Palisade Wall |
| 30:09 | Build | Farm |
| 31:02 | Create | Villager (Male) |
| 31:02 | Create | Villager (Male) |
| 31:10 | Research | Bodkin Arrow |
| 31:12 | Create | Villager (Male) |
| 31:18 | Build | University |
| 31:21 | Create | Villager (Male) |
| 32:00 | Build | Palisade Wall |
| 32:08 | Create | Villager (Male) |
| 32:22 | Create | Villager (Male) |
| 32:36 | Build | House |
| 32:49 | Build | Siege Workshop |
| 32:58 | Build | Farm |
| 33:02 | Research | Heavy Plow |
| 33:23 | Research | Imperial Age |
| 33:37 | Create | Janissary |
Build order — Hakka1_90
First 150 of 214 actions detected
| 0:06 | Build | Town Center |
| 1:46 | Build | House |
| 2:24 | Create | Villager (Male) |
| 2:25 | Create | Villager (Male) |
| 2:25 | Create | Villager (Male) |
| 2:25 | Create | Villager (Male) |
| 3:10 | Build | House |
| 3:36 | Create | Villager (Male) |
| 3:36 | Create | Villager (Male) |
| 3:59 | Build | House |
| 4:25 | Create | Villager (Male) |
| 4:25 | Create | Villager (Male) |
| 4:33 | Build | House |
| 4:45 | Build | House |
| 4:53 | Create | Villager (Male) |
| 5:25 | Create | Villager (Male) |
| 5:26 | Create | Villager (Male) |
| 5:45 | Create | Villager (Male) |
| 5:45 | Create | Villager (Male) |
| 6:11 | Create | Villager (Male) |
| 6:11 | Create | Villager (Male) |
| 6:19 | Build | Mill |
| 6:30 | Build | Mill |
| 6:41 | Create | Villager (Male) |
| 6:41 | Create | Villager (Male) |
| 7:06 | Create | Villager (Male) |
| 7:07 | Create | Villager (Male) |
| 7:08 | Create | Villager (Male) |
| 7:09 | Create | Villager (Male) |
| 7:38 | Build | House |
| 7:42 | Build | House |
| 7:58 | Research | Loom |
| 8:12 | Create | Villager (Male) |
| 8:37 | Create | Villager (Male) |
| 9:09 | Create | Villager (Male) |
| 9:21 | Create | Villager (Male) |
| 9:50 | Create | Villager (Male) |
| 10:07 | Create | Villager (Male) |
| 10:16 | Build | Mining Camp |
| 10:40 | Create | Villager (Male) |
| 10:48 | Build | Mill |
| 10:58 | Build | House |
| 11:16 | Build | House |
| 11:17 | Create | Villager (Male) |
| 11:38 | Build | Outpost |
| 11:40 | Research | Feudal Age |
| 12:34 | Create | Villager (Male) |
| 13:08 | Create | Villager (Male) |
| 13:13 | Build | Mill |
| 13:53 | Age | Feudal Age |
| 13:54 | Create | Villager (Male) |
| 13:57 | Build | Blacksmith |
| 14:00 | Build | Market |
| 14:08 | Build | Palisade Wall |
| 14:11 | Build | Palisade Wall |
| 14:26 | Create | Villager (Male) |
| 14:28 | Build | Farm |
| 14:30 | Build | Farm |
| 14:33 | Build | Farm |
| 14:45 | Build | Farm |
| 14:47 | Create | Villager (Male) |
| 15:04 | Build | Palisade Wall |
| 15:06 | Build | Palisade Wall |
| 15:12 | Build | Palisade Wall |
| 15:15 | Build | Palisade Wall |
| 15:16 | Build | Palisade Wall |
| 15:35 | Build | Palisade Wall |
| 15:37 | Create | Villager (Male) |
| 15:54 | Build | Barracks |
| 16:16 | Build | Farm |
| 16:18 | Create | Villager (Male) |
| 16:28 | Build | House |
| 16:44 | Research | Castle Age |
| 16:59 | Create | Spearman |
| 17:24 | Build | Stone Wall |
| 17:34 | Create | Villager (Male) |
| 17:38 | Build | Farm |
| 17:39 | Build | Farm |
| 17:40 | Build | Farm |
| 17:41 | Build | Farm |
| 17:43 | Build | Farm |
| 17:59 | Build | Watch Tower |
| 18:03 | Create | Spearman |
| 18:12 | Create | Villager (Male) |
| 18:47 | Create | Spearman |
| 19:20 | Create | Villager (Male) |
| 19:24 | Age | Castle Age |
| 19:31 | Build | Castle |
| 19:33 | Create | Villager (Male) |
| 19:33 | Create | Villager (Male) |
| 19:53 | Create | Spearman |
| 20:01 | Build | House |
| 20:04 | Build | House |
| 20:09 | Create | Spearman |
| 20:32 | Build | Palisade Gate |
| 20:51 | Create | Villager (Male) |
| 20:51 | Create | Villager (Male) |
| 21:12 | Create | Hussite Wagon |
| 21:12 | Create | Hussite Wagon |
| 21:13 | Create | Hussite Wagon |
| 21:17 | Create | Villager (Male) |
| 21:30 | Create | Villager (Male) |
| 21:57 | Create | Hussite Wagon |
| 21:57 | Create | Hussite Wagon |
| 21:58 | Create | Hussite Wagon |
| 22:02 | Create | Villager (Male) |
| 22:02 | Create | Villager (Male) |
| 22:17 | Research | Fletching |
| 22:34 | Create | Villager (Male) |
| 22:34 | Create | Villager (Male) |
| 22:40 | Create | Villager (Male) |
| 23:05 | Build | Siege Workshop |
| 23:06 | Create | Villager (Male) |
| 23:07 | Create | Villager (Male) |
| 23:18 | Build | House |
| 23:35 | Create | Hussite Wagon |
| 23:35 | Create | Hussite Wagon |
| 23:43 | Create | Villager (Male) |
| 23:44 | Create | Villager (Male) |
| 23:44 | Create | Villager (Male) |
| 23:59 | Create | Hussite Wagon |
| 23:59 | Create | Hussite Wagon |
| 24:15 | Build | Lumber Camp |
| 24:30 | Create | Villager (Male) |
| 24:30 | Create | Villager (Male) |
| 24:32 | Build | Farm |
| 24:44 | Create | Villager (Male) |
| 24:57 | Build | Farm |
| 25:00 | Create | Villager (Male) |
| 25:14 | Create | Villager (Male) |
| 25:17 | Build | Farm |
| 25:18 | Research | Double-Bit Axe |
| 26:12 | Create | Villager (Male) |
| 26:12 | Create | Villager (Male) |
| 26:13 | Create | Villager (Male) |
| 26:22 | Build | Castle |
| 26:25 | Create | Hussite Wagon |
| 26:25 | Create | Hussite Wagon |
| 26:25 | Create | Hussite Wagon |
| 26:28 | Create | Villager (Male) |
| 26:28 | Create | Villager (Male) |
| 26:36 | Build | Farm |
| 26:37 | Build | Farm |
| 26:44 | Build | Stone Wall |
| 26:48 | Build | House |
| 26:50 | Build | House |
| 26:59 | Build | Farm |
| 27:03 | Create | Villager (Male) |
| 27:26 | Create | Villager (Male) |
| 27:34 | Build | Palisade Gate |
Build order — Pantera Zalayeta
90 actions detected in the replay
| 0:19 | Build | Town Center |
| 2:35 | Create | Villager (Male) |
| 2:36 | Create | Villager (Male) |
| 2:47 | Create | Villager (Male) |
| 2:54 | Create | Villager (Male) |
| 3:25 | Build | House |
| 3:32 | Research | Loom |
| 3:53 | Build | House |
| 3:57 | Create | Villager (Male) |
| 4:00 | Create | Villager (Male) |
| 4:19 | Build | House |
| 4:44 | Create | Villager (Male) |
| 4:49 | Build | House |
| 5:40 | Create | Villager (Male) |
| 5:41 | Create | Villager (Male) |
| 5:59 | Create | Villager (Male) |
| 6:00 | Create | Villager (Male) |
| 6:17 | Create | Villager (Male) |
| 6:17 | Create | Villager (Male) |
| 6:52 | Create | Villager (Male) |
| 6:53 | Create | Villager (Male) |
| 7:13 | Create | Villager (Male) |
| 7:13 | Create | Villager (Male) |
| 7:28 | Create | Villager (Male) |
| 7:50 | Build | Mill |
| 7:52 | Create | Villager (Male) |
| 8:15 | Create | Villager (Male) |
| 8:34 | Create | Villager (Male) |
| 8:34 | Create | Villager (Male) |
| 9:02 | Create | Villager (Male) |
| 9:50 | Create | Villager (Male) |
| 9:51 | Create | Villager (Male) |
| 10:50 | Build | House |
| 10:57 | Build | Farm |
| 10:57 | Build | Farm |
| 10:57 | Build | Farm |
| 10:57 | Build | Farm |
| 10:59 | Create | Villager (Male) |
| 11:24 | Build | Farm |
| 11:26 | Build | Farm |
| 12:35 | Build | Palisade Wall |
| 12:45 | Build | Lumber Camp |
| 13:11 | Research | Feudal Age |
| 13:12 | Research | Feudal Age |
| 13:25 | Build | House |
| 13:27 | Build | House |
| 14:00 | Build | Palisade Wall |
| 14:15 | Build | Farm |
| 15:03 | Build | Farm |
| 15:21 | Age | Feudal Age |
| 15:23 | Create | Villager (Male) |
| 15:24 | Create | Villager (Male) |
| 15:42 | Build | Farm |
| 15:42 | Build | Farm |
| 15:50 | Research | Double-Bit Axe |
| 15:53 | Create | Villager (Male) |
| 16:17 | Build | Farm |
| 16:19 | Create | Villager (Male) |
| 16:35 | Build | Farm |
| 16:37 | Create | Villager (Male) |
| 17:05 | Create | Villager (Male) |
| 17:09 | Build | Farm |
| 17:11 | Create | Villager (Male) |
| 17:30 | Create | Villager (Male) |
| 17:37 | Build | Market |
| 17:43 | Create | Villager (Male) |
| 17:59 | Create | Villager (Male) |
| 18:19 | Build | Blacksmith |
| 18:22 | Create | Villager (Male) |
| 18:40 | Build | Farm |
| 19:09 | Build | Farm |
| 19:38 | Build | Farm |
| 20:06 | Research | Castle Age |
| 20:07 | Research | Castle Age |
| 20:16 | Build | Lumber Camp |
| 20:31 | Build | Farm |
| 20:36 | Build | House |
| 20:39 | Build | House |
| 20:49 | Build | Mining Camp |
| 20:55 | Build | House |
| 21:11 | Build | House |
| 22:26 | Create | Villager (Male) |
| 22:37 | Build | House |
| 22:45 | Create | Villager (Male) |
| 22:46 | Age | Castle Age |
| 23:05 | Build | Castle |
| 24:04 | Create | Villager (Male) |
| 24:04 | Create | Villager (Male) |
| 24:48 | Create | Villager (Male) |
| 24:48 | Create | Villager (Male) |
Match timeline
| 4:07 | Kung Fury · wall_segment Palisade Wall x1 |
| 4:13 | Kung Fury · wall_segment Palisade Wall x1 |
| 4:16 | Kung Fury · wall_segment Palisade Wall x1 |
| 4:26 | Kung Fury · wall_segment Palisade Wall x1 |
| 4:29 | Kung Fury · wall_segment Palisade Wall x2 |
| 4:34 | Kung Fury · wall_segment Palisade Wall x1 |
| 7:09 | ScORpIoN · wall_segment Palisade Wall x1 |
| 8:33 | ScORpIoN · wall_segment Palisade Wall x5 |
| 9:29 | ScORpIoN · wall_segment Palisade Wall x4 |
| 11:02 | Kung Fury · wall_segment Palisade Wall x1 |
| 11:21 | Kung Fury · wall_segment Palisade Wall x1 |
| 11:27 | Kung Fury · wall_segment Palisade Wall x1 |
| 11:30 | Kung Fury · wall_segment Palisade Wall x1 |
| 11:33 | ScORpIoN · first_building Barracks |
| 11:53 | p-dawgg · first_building Barracks |
| 12:35 | Pantera Zalayeta · wall_segment Palisade Wall x7 |
| 12:36 | psychilli · wall_segment Palisade Wall x5 |
| 12:38 | psychilli · wall_segment Palisade Wall x4 |
| 12:43 | p-dawgg · age_up feudal |
| 13:02 | p-dawgg · first_building Stable |
| 13:19 | ScORpIoN · age_up feudal |
| 13:21 | ScORpIoN · first_building Stable |
| 13:44 | M L F 6 · age_up feudal |
| 13:53 | Hakka1_90 · age_up feudal |
| 14:00 | Pantera Zalayeta · wall_segment Palisade Wall x5 |
| 14:08 | Hakka1_90 · wall_segment Palisade Wall x5 |
| 14:10 | Kung Fury · wall_segment Palisade Wall x1 |
| 14:11 | Hakka1_90 · wall_segment Palisade Wall x8 |
| 14:15 | Kung Fury · wall_segment Palisade Wall x1 |
| 14:18 | YuhArtyKnow · age_up feudal |
| 14:21 | Kung Fury · wall_segment Palisade Wall x1 |
| 14:22 | psychilli · wall_segment Palisade Wall x1 |
| 14:55 | p-dawgg · first_market_buy 100 food |
| 15:04 | Hakka1_90 · wall_segment Palisade Wall x1 |
| 15:06 | Hakka1_90 · wall_segment Palisade Wall x1 |
| 15:12 | Hakka1_90 · wall_segment Palisade Wall x1 |
| 15:15 | Hakka1_90 · wall_segment Palisade Wall x1 |
| 15:16 | Hakka1_90 · wall_segment Palisade Wall x1 |
| 15:21 | Pantera Zalayeta · age_up feudal |
| 15:35 | Hakka1_90 · wall_segment Palisade Wall x1 |
| 15:45 | p-dawgg · wall_segment Palisade Wall x1 |
| 15:52 | psychilli · wall_segment Palisade Wall x1 |
| 15:52 | psychilli · wall_segment Palisade Wall x1 |
| 15:54 | Hakka1_90 · first_building Barracks |
| 15:57 | psychilli · wall_segment Palisade Wall x1 |
| 16:09 | Kung Fury · age_up feudal |
| 16:37 | Hakka1_90 · first_market_buy 100 food |
| 17:16 | YuhArtyKnow · age_up castle |
| 17:24 | Hakka1_90 · wall_segment Stone Wall x1 |
| 17:35 | psychilli · age_up feudal |
| 17:37 | p-dawgg · age_up castle |
| 17:39 | ScORpIoN · first_building Archery Range |
| 18:13 | p-dawgg · first_building Siege Workshop |
| 18:41 | M L F 6 · first_building Barracks |
| 19:15 | Kung Fury · first_building Barracks |
| 19:24 | Hakka1_90 · age_up castle |
| 19:31 | Hakka1_90 · first_building Castle |
| 19:38 | M L F 6 · age_up castle |
| 19:40 | M L F 6 · first_building Stable |
| 19:46 | ScORpIoN · wall_segment Palisade Wall x1 |
| 19:48 | psychilli · wall_segment Palisade Wall x1 |
| 19:49 | psychilli · wall_segment Palisade Wall x1 |
| 20:17 | YuhArtyKnow · first_building Castle |
| 20:41 | Kung Fury · first_building Stable |
| 20:42 | Kung Fury · age_up castle |
| 21:09 | Pantera Zalayeta · first_market_buy 100 wood |
| 21:46 | psychilli · wall_segment Palisade Wall x1 |
| 21:47 | psychilli · wall_segment Palisade Wall x1 |
| 22:06 | YuhArtyKnow · first_market_sell 100 food |
| 22:16 | Hakka1_90 · first_market_sell 100 wood |
| 22:46 | Pantera Zalayeta · age_up castle |
| 22:49 | psychilli · age_up castle |
| 22:50 | Pantera Zalayeta · first_market_sell 100 food |
| 22:51 | psychilli · first_building Monastery |
| 23:05 | Pantera Zalayeta · first_building Castle |
| 23:05 | Hakka1_90 · first_building Siege Workshop |
| 23:11 | YuhArtyKnow · first_market_buy 100 wood |
| 23:15 | YuhArtyKnow · first_building Barracks |
| 23:19 | ScORpIoN · age_up castle |
| 23:44 | ScORpIoN · first_building Castle |
| 23:57 | psychilli · wall_segment Palisade Wall x1 |
| 24:25 | psychilli · wall_segment Palisade Wall x1 |
| 25:02 | Pantera Zalayeta · resign |
| 25:21 | psychilli · first_building Castle |
| 26:44 | Hakka1_90 · wall_segment Stone Wall x4 |
| 27:13 | M L F 6 · tribute_sent a jugador 1 |
| 27:13 | M L F 6 · tribute_sent a jugador 2 |
| 27:13 | M L F 6 · tribute_sent a jugador 3 |
| 27:13 | M L F 6 · tribute_sent a jugador 4 |
| 27:14 | M L F 6 · tribute_sent a jugador 6 |
| 27:14 | M L F 6 · tribute_sent a jugador 7 |
| 27:14 | M L F 6 · tribute_sent a jugador 8 |
| 27:39 | Hakka1_90 · wall_segment Palisade Wall x1 |
| 27:58 | Hakka1_90 · wall_segment Palisade Wall x5 |
| 28:09 | p-dawgg · first_building Monastery |
| 29:37 | psychilli · wall_segment Palisade Wall x1 |
| 30:06 | Kung Fury · first_building Siege Workshop |
| 31:23 | Hakka1_90 · wall_segment Stone Wall x3 |
| 31:31 | Hakka1_90 · wall_segment Stone Wall x6 |
| 32:00 | psychilli · wall_segment Palisade Wall x1 |
| 32:49 | psychilli · first_building Siege Workshop |
| 33:14 | psychilli · first_market_buy 100 food |
| 33:45 | ScORpIoN · first_building Siege Workshop |
[ AI ANALYSIS · 1 CREDIT ]
What really happened in this match?
Wolo.gg analyzes every decision: build order, eco, micro, common mistakes by bracket. Personalized analysis on WhatsApp or Discord in 30 seconds.
Civ guide
Burmese
Map guide
Land Nomad
Perfil
M L F 6